 Dungeon Crawl Stone Soup version 0.28-a0-1404-g4df0f3684d (webtiles) character file.

Game seed: 9888104973704136411

419 HallandMoats the Skirmisher (level 7, -2/45 HPs)
             Began as a Djinni Fighter on Jan 5, 2022.
             Was a Believer of Hepliaklqana.
             Slain by a gnoll (8 damage)
             ... on level 4 of the Dungeon.
             The game lasted 00:07:36 (4561 turns).

HallandMoats the Skirmisher (Djinni Fighter)        Turns: 4561, Time: 00:07:36

Health: -2/45      AC:  8    Str: 15    XL:     7   Next: 16%
Gold:   185        EV:  9    Int:  9    God:    Hepliaklqana [**....] SH:  5 Dex: 15

rFire   + + .      SeeInvis .   b - +2 flail (holy)
rCold   x . .      Faith    .   c - +0 buckler
rNeg    . . .      Spirit   .   d - +0 scale mail
rPois   ∞          Reflect  .   h - +0 helmet
rElec   .          Harm     .   (no cloak)
rCorr   .          Rampage  .   (no gloves)
Will    .....                   (boots unavailable)
Stlth   ..........              (no amulet)
HPRegen 0.15/turn               (no ring)
MPRegen 0.00/turn               (no ring)

@: flying
A: reduced essence, sickness immunity, fire resistance 2, cold vulnerability 1,
float, innate caster, hp casting, extra vitality 1
a: Renounce Religion, Recall Ancestor, Ancestor Identity


You were on level 4 of the Dungeon.
You worshipped Hepliaklqana.
Hepliaklqana was pleased with you.
You visited 1 branch of the dungeon, and saw 4 of its levels.

You collected 185 gold pieces.

Inventory:

Hand Weapons
 a - a +0 war axe
 b - a +2 flail of holy wrath (weapon)
Missiles
 k - a throwing net (quivered)
Armour
 c - a +0 buckler (worn)
 d - a +0 scale mail (worn)
 h - a +0 helmet (worn)
Jewellery
 m - a +6 ring of strength
Scrolls
 e - a scroll of enchant armour {unknown}
 g - a scroll of noise {unknown}
 i - 2 scrolls of identify {unknown}
 j - 2 scrolls of blinking {unknown}
 l - a scroll of teleportation {unknown}
 q - a scroll of immolation {unknown}
Potions
 f - 3 potions of curing
 n - a potion of cancellation {unknown}
 o - a potion of magic {unknown}
 p - 3 potions of degeneration {unknown}


   Skills:
 + Level 3.9 Fighting
 * Level 3.5 Axes
 + Level 3.9 Armour
 + Level 2.4 Dodging
 + Level 3.8 Shields
 + Level 2.1 Invocations


You couldn't memorise any spells.
You knew the following spells:

 Your Spells              Type           Power      Damage    Failure   Level
a - Foxfire               Conj/Fire      0%         2x1d4     89%         1
b - Scorch                Fire           0%         2d5       96%         2
c - Conjure Flame         Conj/Fire      0%         6-21      99%         3
Your spell library was empty.

Dungeon Overview and Level Annotations

Branches:
Dungeon (4/15)
 Temple: D:4-7

Altars:
Hepliaklqana


Innate Abilities, Weirdness & Mutations

Your life essence is reduced to manifest your ancestor. (-10% HP)
You are immune to sickness and miasma.
You are immune to poison.
Your flesh is very heat resistant. (rF++)
You are vulnerable to cold. (rC-)
You float through the air rather than walking.
You learn spells naturally, not from books.
Your magical power is your life essence.
You have superior vitality. (+4 MHP)


Message History

The goblin shouts!
The goblin shoots a stone.
The stone barely misses you.
Sir Rick Astley hits the gnoll with a +0 dagger of draining.
The gnoll hits you with a +0 club.
The goblin shoots a stone.
You block the stone. The gnoll barely misses you. You block the gnoll's attack.
The goblin shoots a stone.
The stone hits you but does no damage.
The goblin shoots a stone.
The stone barely misses you.
Sir Rick Astley hits the gnoll with a +0 dagger of draining.
The gnoll dies!
You barely miss the gnoll.
The goblin shoots a stone.
The stone hits you but does no damage.
The goblin shoots a stone.
The stone barely misses you.
The gnoll hits you from afar with a +0 halberd!
The goblin shoots a stone.
The stone hits you. The gnoll hits you but does no damage.
Sir Rick Astley gestures at the gnoll while chanting.
The gnoll appears confused.
The goblin shoots a stone.
The stone hits you but does no damage.
The goblin shoots a stone.
The stone completely misses you.
You hit the gnoll.
The gnoll is lightly wounded.
The gnoll barely misses you.
Sir Rick Astley points at the gnoll and mumbles some strange words.
The gnoll seems to slow down.
The goblin shoots a stone.
The stone hits you but does no damage.
The goblin shoots a stone.
The stone barely misses you.
The gnoll hits you from afar with a +0 halberd.
You are too injured to fight recklessly!
The goblin shoots a stone.
The stone barely misses you. The gnoll hits you with a +0 halberd.
* * * LOW HITPOINT WARNING * * *
The gnoll hits you but does no damage.
Sir Rick Astley closely misses the gnoll.
The goblin shoots a stone.
The stone hits Sir Rick Astley.
The gnoll hits you with a +0 halberd!
* * * LOW HITPOINT WARNING * * *
Sir Rick Astley casts a spell at the gnoll.
The gnoll appears confused.
The goblin shoots a stone.
The stone hits Sir Rick Astley.
The gnoll hits you with a +0 halberd!
You die...

#.#..#.#.#.#.#.#.#
##..#
##.#..#.#.....#.#†#
#..#
......#.##....#.#.#
#..#
....<##.##....#.#.#
#>.#
#.##.##.##....#.#.#
#... ..
.....##(...#.#.# #
#.............#.#####.
#.........#.###.......
.......#..#.).@.......
...........R.g........
........g..............
.≈.gg≈≈g≈.≈..≈≈...
.≈≈≈≈≈g≈≈≈≈≈≈≈≈≈≈≈
.≈≈≈≈≈≈≈≈≈≈≈≈≈≈≈≈≈
.≈≈≈≈≈≈≈≈≈≈≈≈≈≈≈≈≈
##################


You could see the friendly Sir Rick Astley the hexer, 2 gnolls and 4 goblins.

Vanquished Creatures
  A scorpion (D:4)
  Natasha (thrice) (D:2)
  Robin (D:1)
  2 adders
  4 gnolls
  A dart slug (D:1)
  An orc (D:3)
  9 ball pythons
  5 bats
  9 endoplasms
  2 giant cockroaches
  16 goblins
  9 hobgoblins
  6 jackals
  3 quokkas
  3 frilled lizards
  5 kobolds
  7 rats
87 creatures vanquished.

Vanquished Creatures (collateral kills)
  Edmund (D:4)
  A gnoll (D:4)
  A worm (D:3)
  A hobgoblin (D:3)
4 creatures vanquished.

Grand Total: 91 creatures vanquished

Notes
Turn   | Place    | Note
-------+----------+-------------------------------------------
     0 | D:1      | HallandMoats the Djinni Fighter began the quest for the
                  | Orb.
     0 | D:1      | Reached XP level 1. HP: 20/20 MP: 0/0
   149 | D:1      | Reached XP level 2. HP: 25/25 MP: 0/0
   677 | D:1      | Reached XP level 3. HP: 17/30 MP: 0/0
   677 | D:1      | Learned a level 1 spell: Foxfire
  1285 | D:2      | Noticed Robin
  1310 | D:1      | Reached skill level 1 in Dodging
  1310 | D:1      | Reached XP level 4. HP: 5/35 MP: 0/0
  1720 | D:1      | Reached skill level 1 in Invocations
  1986 | D:1      | Killed Robin
  2189 | D:2      | Reached XP level 5. HP: 8/40 MP: 0/0
  2189 | D:2      | Learned a level 2 spell: Scorch
  2577 | D:2      | Noticed Natasha
  2586 | D:2      | Killed Natasha
  2619 | D:2      | Noticed Natasha
  2634 | D:2      | Killed Natasha
  2664 | D:2      | Noticed Natasha
  2671 | D:2      | Killed Natasha
  2708 | D:2      | HP: 2/40 [hobgoblin (2)]
  2722 | D:2      | Reached XP level 6. HP: 4/46 MP: 0/0
  3103 | D:2      | Found a faded altar of an unknown god.
  3384 | D:2      | Prayed at the altar of an unknown god.
  3384 | D:2      | Became a worshipper of Hepliaklqana the Forgotten
  3384 | D:2      | Reached * piety under Hepliaklqana
  4373 | D:3      | Reached ** piety under Hepliaklqana
  4374 | D:3      | Remembered your ancestor Sir Rick Astley as a hexer
  4473 | D:4      | Noticed Edmund
  4482 | D:4      | Killed Edmund
  4517 | D:4      | Reached XP level 7. HP: 41/45 MP: 0/0
  4517 | D:4      | Learned a level 3 spell: Conjure Flame
  4561 | D:4      | Slain by a gnoll

Illustrated notes

Levels and vault maps discovered:
D:1:      saegor_arrival_simple_b, layout_loops_cross, serial_glass,
          glass_columns_a, glass_columns_c, kennysheep_minor_cross
D:2:      layout_rooms, chequers_ecumenical_altar_simple, uniq_natasha,
          uniq_robin
D:3:      layout_basic, minmay_fractal_squares_diagonal_5
D:4:      minmay_goblin_kobold_castle, layout_basic, minmay_manual_macuahuitl,
          uniq_edmund

Skill      XL: |  1  2  3  4  5  6 |
---------------+-------------------+-----
Axes           | 2 3 |  3.5
Dodging        | 1 2 |  2.4
Invocations    | 1 2 |  2.1
Fighting       | |  3.9
Armour         | |  3.9
Shields        | |  3.8

Action                   |  1- 3 |  4- 6 |  7- 9 || total
-------------------------+-------+-------+-------++-------
Melee: War axe           |    76 |   192 |       ||   268
       Flail             |       |     4 |     4 ||     8
Invok: Ancestor Life: He |       |     1 |       ||     1
       Ancestor Identity |       |     1 |       ||     1
  Use: Potion            |       |     2 |       ||     2
Armor: Scale mail        |    53 |    89 |     9 ||   151
Dodge: Dodged            |    47 |    92 |    12 ||   151
Block: Buckler           |    19 |    47 |     4 ||    70

Table legend: (Time is in decaauts)
 A = Elapsed time spent in this place.
 B = Non-inter-level travel time spent in this place.
 C = Inter-level travel time spent in this place.
 D = Time resting spent in this place.
 E = Time spent auto-exploring this place.
 F = Levels seen in this place.
 G = Mean time per level.
                   A        B        C        D        E       F      G
               +--------+--------+--------+--------+--------+-----+--------+
         Total |   4695 |   4612 |     83 |   1644 |   2139 |   4 | 1173.8 |
       Dungeon |   4695 |   4612 |     83 |   1644 |   2139 |   4 | 1173.8 |
               +--------+--------+--------+--------+--------+-----+--------+

Top non-repeatable levels by time:
     D:1: 2222 daAuts
     D:2: 1292 daAuts
     D:3: 1060 daAuts
     D:4: 119 daAuts
